 Dungeon Crawl Stone Soup version 0.17.1-1-g73c8601 (webtiles) character file.

40 penguinsfan71 the Grave Robber (level 3, -1/24 HPs)
             Began as a Vampire Necromancer on Dec 18, 2015.
             Slain by a quokka (2 damage)
             ... on level 1 of the Dungeon on Dec 19, 2015.
             The game lasted 00:08:33 (807 turns).

penguinsfan71 the Grave Robber (Vampire Necromancer) Turns: 807, Time: 00:08:33

Health: -1/24      AC:  3    Str:  7    XL:     3   Next: 30%
Magic:  1/6        EV: 13    Int: 17    God:
Gold:   37         SH:  0    Dex: 15    Spells: 1 memorised, 6 levels left

rFire  . . .     SeeInvis +     d - +0 short sword
rCold  . . .     Clarity  .     a - +1 robe
rNeg   . . .     SustAt   .     (no shield)
rPois  .         Gourm    .     (no helmet)
rElec  .         Spirit   .     (no cloak)
rCorr  .         Warding  .     (no gloves)
rMut   .         Stasis   .     (no boots)
MR     .....                    (no amulet)
Stlth  +++.......               (no ring)
                                (no ring)

@: regenerating quickly, not resistant to hostile enchantments, fairly stealthy
A: fangs 3, see invisible, spit poison 1, unbreathing
a: Spit Poison


You were on level 1 of the Dungeon.
You were very full.

You visited 1 branch of the dungeon, and saw 2 of its levels.

You collected 37 gold pieces.

Inventory:

Hand Weapons
 d - a +0 short sword (weapon)
 e - a +0 club
 h - a +0 dagger
 i - a +0 spear
 p - a +0 whip
 s - a +0 hunting sling
 w - a +0 short sword
Missiles
 f - 9 poisoned needles
 j - 21 sling bullets
 k - 7 javelins (quivered)
 n - 2 poisoned javelins
 o - a throwing net
 t - 32 stones
Armour
 a - a +1 robe (worn)
Wands
 r - a wand of polymorph (8)
Scrolls
 q - a scroll of identify
 u - a scroll of teleportation {unknown}
 x - a scroll of recharging {unknown}
 y - a scroll of remove curse
Potions
 c - a potion of blood
 l - a potion of curing
 m - a potion of might {unknown}
 v - a potion of lignification {unknown}
Books
 b - a book of Necromancy

   Spells                             Type                      Level
   a - Pain                           Necromancy                   1
   b - Animate Skeleton               Necromancy                   1
   c - Vampiric Draining              Necromancy                   3
   d - Regeneration                   Charms/Necromancy            3
   e - Animate Dead                   Necromancy                   4
   f - Control Undead                 Necromancy                   4
Comestibles
 g - a meat ration


   Skills:
 + Level 2.3 Dodging
 + Level 3.2 Stealth
 + Level 2.5 Spellcasting
 + Level 5.1 Necromancy


You had 6 spell levels left.
You knew the following spells:

 Your Spells              Type           Power        Failure   Level  Hunger
a - Pain                  Necr           ###.         2%          1    #......


Dungeon Overview and Level Annotations

Branches:
Dungeon (2/15)

Altars:


Innate Abilities, Weirdness & Mutations

Your natural rate of healing is unusually fast.
You have razor-sharp teeth.
You have supernaturally acute eyesight.
You can survive without breathing.
You can spit weak poison.


Message History

* * * LOW HITPOINT WARNING * * *
The quokka bites you.
* * * LOW HITPOINT WARNING * * *
The kobold completely misses you. The quokka misses you.
Okay, then.
The kobold closely misses you. The kobold closely misses you.
The quokka bites you.
* * * LOW HITPOINT WARNING * * *
Casting: Pain
Confirm with . or Enter, or press ? or * to list all spells.
Aiming: Pain
Press: ? - help, Shift-Dir - straight line, f - kobold
Aim: a kobold (chance to defeat MR: 94%)
The kobold convulses in agony!
The quokka barely misses you. The kobold closely misses you.
The quokka bites you.
* * * LOW HITPOINT WARNING * * *
The quokka bites you.
You die...

.#
#..........#..........#
.#
#..###.###.#.#####.##.#
.# ##.# #.# #.#
#...#.##.### .# #.# ###
#.###.###......##### ##
#.# #.....#....###......
# #.### ###.###.###..#
#>##### # #...#
#...#.#...#..###.# #
##.###.#####.#####......#
#...........@r.K...###.##
##.รท####.####.##..## #.#
######..# #.###..##.##
#.# ........# #.........#
#.# #######.# ###.......#
#.# #.# #.......#####.#
#.# #.............# #.#
#.......####### #>#
#.......#


You could see a quokka and a kobold.

Vanquished Creatures
  An adder (D:2)
  An ooze (D:1)
  A worm (D:2)
  2 giant geckos
  3 bats
  2 goblins
  A hobgoblin (D:1)
  2 kobolds (D:1)
  3 giant cockroaches
  4 giant newts (D:1)
  4 rats (D:1)
24 creatures vanquished.

Notes
Turn   | Place    | Note
--------------------------------------------------------------
     0 | D:1      | penguinsfan71 the Vampire Necromancer began the quest for the Orb.
     0 | D:1      | Reached XP level 1. HP: 13/13 MP: 3/3
   161 | D:1      | Gained mutation: You can spit weak poison. [potion of beneficial mutation]
   272 | D:1      | Reached XP level 2. HP: 17/19 MP: 1/5
   545 | D:1      | Reached skill level 5 in Necromancy
   691 | D:1      | You fall through a shaft!
   741 | D:2      | Reached XP level 3. HP: 24/24 MP: 3/6
   790 | D:1      | HP: 1/24 [quokka (1)]
   801 | D:1      | HP: 1/24 [quokka (2)]
   807 | D:1      | Slain by a quokka

Action                   || total
-------------------------++-------
Melee: Short sword       ||    30
       Unarmed           ||     1
 Cast: Pain              ||    32
  Use: Potion            ||     1
       Scroll            ||     3
  Eat: Corpse            ||     9
